 Dungeon Crawl Stone Soup version 0.26.1-11-gd32895ea62 (webtiles) character file.

Game seed: 1703454299423772753

72 Zeld the Twirler (level 4, -1/29 HPs)
             Began as an Octopode Gladiator on May 23, 2021.
             Killed by nerve-wracking pain
             ... invoked by Grinder
              (4 damage)
             ... on level 3 of the Dungeon.
             The game lasted 00:02:41 (1693 turns).

Zeld the Twirler (Octopode Gladiator)               Turns: 1693, Time: 00:02:41

Health: -1/29      AC:  1    Str: 14    XL:     4   Next: 25%
Magic:  4/4        EV: 14    Int: 10    God:
Gold:   133        SH:  0    Dex: 13    Spells: 3/3 levels left

rFire    . . .     SeeInvis .   a - +0 quarterstaff
rCold    . . .     Faith    .   (shield currently unavailable)
rNeg     . . .     Spirit   .   b - +0 hat
rPois    .         Reflect  .   (no amulet)
rElec    .         Harm     .   (no ring)
rCorr    .         Rampage  .   (no ring)
Will     .....                  (no ring)
Stlth    ++........             (no ring)
HPRegen  0.09/turn              (no ring)
MPRegen  0.09/turn              (no ring)
                                (no ring)
                                (no ring)

@: no status effects
A: almost no armour, stealthy swim, amphibious, 8 rings, constrict 8, camouflage
1, gelatinous body 1
a: no special abilities


You were on level 3 of the Dungeon.
You visited 1 branch of the dungeon, and saw 3 of its levels.

You collected 133 gold pieces.

Inventory:

Hand Weapons
 a - a +0 quarterstaff (weapon)
Missiles
 c - 3 throwing nets (quivered)
Armour
 b - a +0 hat (worn)
Jewellery
 j - an uncursed ring of resist corrosion {unknown}
Scrolls
 d - 2 scrolls of magic mapping {unknown}
 e - 3 scrolls of teleportation {unknown}
 f - a scroll of amnesia {unknown}
 g - 2 scrolls of enchant armour {unknown}
 h - 2 scrolls of remove curse {unknown}
 i - 2 scrolls of identify {unknown}
 k - a scroll of random uselessness {unknown}
 n - a scroll of immolation {unknown}
 p - a scroll of enchant weapon {unknown}
Potions
 l - a potion of heal wounds {unknown}
 m - 2 potions of berserk rage {unknown}
 o - a potion of invisibility {unknown}
 q - a potion of curing {unknown}


   Skills:
 - Level 2.0 Fighting
 * Level 5.0 Staves
 - Level 2.0 Throwing
 - Level 3.0 Dodging


You had 3 spell levels left.
You didn't know any spells.
Your spell library was empty.

Dungeon Overview and Level Annotations

Branches:
Dungeon (3/15)

Altars:
Ashenzari
Elyvilon
Kikubaaqudgha

Annotations:
D:3 Grinder


Innate Abilities, Weirdness & Mutations

You cannot wear most types of armour.
You are very stealthy in the water. (Stealth+)
You are amphibious.
You can wear up to eight rings at the same time.
You can use your tentacles to constrict eight enemies at once.
Your skin changes colour to match your surroundings (Stealth+).
Your rubbery body absorbs attacks. (AC +1, EV +1)


Message History

Grinder is nearby!
Grinder gestures at you.
You suddenly lose the ability to move!
Grinder says, "FISH!"
Grinder gestures at you.
You shrug off the repeated paralysis!
Grinder hits you.
You writhe in agony.
Grinder hits you but does no damage.
Grinder says, "There's only one good use for a tongue: cutting it out."
Grinder hits you!
You writhe in agony.
You can move again.
You see here a scroll labelled KIODWY USHRAORCH.
Grinder gestures at you.
You barely resist. Grinder gestures at you. Pain shoots through your body!
* * * LOW HITPOINT WARNING * * *
Grinder gestures at you. Pain shoots through your body!
You die...

#.........<
##########.........#
..........>...######
####.....#.......#
#########.....#######.#
#......##.†...# #.#
#####......##.....# #.#
#.................# #.#
+......5..@.......##### #.#
#......####....†......# #.#
#......# #..>........# #.#
#.?....# ######......# #.#
#...###...######+##'#####.#
#..... ...##..............#
##........##.......########
#.......###...............
#########.......#.########


You could see Grinder.

Vanquished Creatures
  2 adders
  A worm (D:3)
  2 dart slugs (D:1)
  2 giant cockroaches
  9 goblins
  5 hobgoblins
  2 jackals (D:2)
  A quokka (D:2)
  5 bats
  6 frilled lizards
  6 kobolds
  4 rats
45 creatures vanquished.

Notes
Turn   | Place    | Note
-------+----------+-------------------------------------------
     0 | D:1      | Zeld the Octopode Gladiator began the quest for the Orb.
     0 | D:1      | Reached XP level 1. HP: 14/14 MP: 1/1
   235 | D:1      | Reached XP level 2. HP: 19/19 MP: 2/2
   252 | D:1      | Found a broken altar of Ashenzari.
   566 | D:1      | Reached skill level 4 in Staves
   590 | D:1      | Reached XP level 3. HP: 12/24 MP: 3/3
  1368 | D:2      | Found a white marble altar of Elyvilon.
  1368 | D:2      | Found an ancient bone altar of Kikubaaqudgha.
  1498 | D:3      | Reached XP level 4. HP: 29/29 MP: 4/4
  1659 | D:3      | Reached skill level 5 in Staves
  1677 | D:3      | Noticed Grinder
  1679 | D:3      | Paralysed by Grinder for 7 turns
  1693 | D:3      | Killed from afar by Grinder

Illustrated notes

Levels and vault maps discovered:
D:1:      sevenhm_arrival_forest_fort_small_3, layout_rooms, ashenzari_altar_1
D:2:      layout_loops_ring, gammafunk_temple_overflow_elements
D:3:      layout_basic, chequers_ecumenical_altar_simple_redux, uniq_grinder

Skill      XL: |  1  2  3  4 |
---------------+-------------+-----
Staves         | 4 5 |  5.0
Fighting       | |  2.0
Throwing       | |  2.0
Dodging        | |  3.0

Action                   |  1- 3 |  4- 6 || total
-------------------------+-------+-------++-------
Melee: Quarterstaff      |    62 |    13 ||    75
       Constrict         |    17 |     4 ||    21
       Tentacles         |    10 |     2 ||    12
 Stab: Sleeping          |     6 |     1 ||     7
Armor: Skin              |     5 |     2 ||     7
Dodge: Dodged            |    39 |    10 ||    49
